 Dungeon Crawl Stone Soup version 0.30-a0-542-ge43150dd35 (webtiles) character file.

Game seed: 151758462452240726

74 Bnni the Vexing (level 4, 0/33 HPs)
             Began as a Formicid Hexslinger on Dec 26, 2022.
             Slain by a river rat (6 damage)
             ... on level 3 of the Dungeon.
             The game lasted 00:02:32 (1817 turns).

Bnni the Vexing (Formicid Hexslinger)               Turns: 1817, Time: 00:02:32

Health: 0/33       AC:  2    Str: 14    XL:     4   Next: 54%
Magic:  6/6        EV: 12    Int: 15    God:
Gold:   161        SH:  0    Dex: 14    Spells: 2/6 levels left

rFire   . . .      SeeInvis +    d - +1 dagger (venom)
rCold   . . .      Faith    .    (no shield)
rNeg    . . .      Spirit   .    c - +0 robe
rPois   .          Reflect  .    (helmet unavailable)
rElec   .          Harm     .    (no cloak)
rCorr   .          Rampage  .    (no gloves)
Will    .....                    (no boots)
Stlth   +                        (no amulet)
HPRegen 0.25/turn                (no ring)
MPRegen 0.10/turn                (no ring)

@: no status effects
A: permanent stasis, dig shafts and tunnels, antennae 3, four strong arms
a: Dig, Shaft Self


You were on level 3 of the Dungeon.
You visited 1 branch of the dungeon, and saw 3 of its levels.

You collected 161 gold pieces.

Inventory:

Hand Weapons
 a - a +1 sling
 d - a +1 dagger of venom (weapon)
Armour
 c - a +0 robe (worn)
Scrolls
 b - 2 scrolls of poison
 f - a scroll of vulnerability {unknown}
 h - 3 scrolls of magic mapping {unknown}
 i - a scroll of amnesia {unknown}
 j - a scroll of noise {unknown}
 l - a scroll of summoning {unknown}
 p - a scroll of identify {unknown}
Potions
 e - a potion of magic {unknown}
 g - 2 potions of mutation {unknown}
 k - a potion of heal wounds {unknown}
 m - 2 potions of haste
 n - a potion of degeneration {unknown}
 o - a potion of curing {unknown}
 q - a potion of lignification {unknown}


   Skills:
 + Level 1.7 Fighting
 * Level 2.9 Ranged Weapons
 - Level 1.7 Dodging
 + Level 1.6 Spellcasting
 * Level 4.2 Hexes
 * Level 1.6 Fire Magic


You had 2 spell levels left.
You knew the following spells:

 Your Spells              Type           Power      Damage    Failure   Level
a - Slow                  Hex            56%        N/A       4%          1
b - Inner Flame           Hex/Fire       10%        N/A       21%         3

Your spell library contained the following spells:

 Spells                   Type           Power      Damage    Failure   Level
 Tukima's Dance           Hex            14%        N/A       12%         3
 Portal Projectile        Hex/Tloc       14%        N/A       28%         3
 Cause Fear               Hex            7%         N/A       36%         4
 Blade Hands              Tmut           0%         N/A       100%        5


Dungeon Overview and Level Annotations

Branches:
Dungeon (3/15)

Altars:

Portals:
Sewer: D:3


Innate Abilities, Weirdness & Mutations

You cannot be hasted, slowed, berserked, paralysed or teleported.
You can dig through walls and to a lower floor.
You have a pair of large antennae on your head. (SInv)
Your four strong arms can wield two-handed weapons with a shield.


Message History

The river rat is lightly wounded.
You shoot a sling bullet.
The sling bullet barely misses the river rat.
You shoot a sling bullet.
The sling bullet barely misses the river rat.
The river rat misses you.
You shoot a sling bullet.
The sling bullet closely misses the river rat.
The river rat bites you.
You shoot a sling bullet.
The sling bullet closely misses the river rat.
The river rat barely misses you.
You shoot a sling bullet.
The sling bullet barely misses the river rat.
The river rat bites you.
You shoot a sling bullet.
The sling bullet barely misses the river rat.
The river rat is no longer moving slowly.
The river rat bites you but does no damage.
You shoot a sling bullet.
The sling bullet closely misses the river rat.
The river rat bites you!
You shoot a sling bullet.
The sling bullet hits the river rat but does no damage.
The river rat is lightly wounded.
The river rat misses you.
You shoot a sling bullet. The sling bullet hits the river rat.
The river rat is heavily wounded.
The river rat bites you!
Your +1 dagger of venom begins to drip with poison!
d - a +1 dagger of venom (weapon)
The river rat closely misses you.
You hit the river rat.
The river rat is poisoned.
The river rat is heavily wounded.
The river rat bites you.
* * * LOW HITPOINT WARNING * * *
You hit the river rat but do no damage.
The river rat is severely wounded.
The river rat bites you.
You die...

#.........##.#
#.........##.#
###.........##.#
#...........##.# .
##<#.........##.# ..
#..#######.####.# ...#
#.# #####..###.#
~....##.# ##........(.#
~~~...r@###.......##..#
~~~~.#...#.........##.##
~~~ #.............##..#
∩ ~~...##..........##..#
##### ##.........##>..
#..............
#.........###..
#.........# #..
#.........###.#


You could see a river rat (very poisoned).

Vanquished Creatures
  2 gnolls (D:3)
  2 worms
  A dart slug (D:3)
  4 bats
  2 endoplasms (D:1)
  3 giant cockroaches
  3 goblins
  5 hobgoblins
  6 jackals
  2 quokkas (D:1)
  5 ball pythons
  5 kobolds
  4 rats
44 creatures vanquished.

Notes
Turn   | Place    | Note
-------+----------+-------------------------------------------
     0 | D:1      | Bnni the Formicid Hexslinger began the quest for the Orb.
     0 | D:1      | Reached XP level 1. HP: 15/15 MP: 2/2
    87 | D:1      | Reached XP level 2. HP: 14/21 MP: 3/3
   319 | D:1      | Reached skill level 4 in Hexes
   319 | D:1      | Reached XP level 3. HP: 26/26 MP: 4/4
   323 | D:1      | Learned a level 3 spell: Inner Flame
   326 | D:1      | Reached skill level 1 in Fire Magic
  1463 | D:3      | Reached XP level 4. HP: 30/32 MP: 6/6
  1801 | D:3      | Found a glowing drain.
  1817 | D:3      | Slain by a river rat

Illustrated notes

Levels and vault maps discovered:
D:1:      wander_arrival_desolate, layout_loops_ring
D:2:      layout_basic
D:3:      layout_rooms, minmay_overflow_temple_star_quad, portal_sewer_entry_b

Skill      XL: |  1  2  3 |
---------------+----------+-----
Hexes          | 4 |  4.2
Fire Magic     | 1 |  1.6
Fighting       | |  1.7
Ranged Weapons | |  2.9
Dodging        | |  1.7
Spellcasting   | |  1.6

Action                   |  1- 3 |  4- 6 || total
-------------------------+-------+-------++-------
Melee: Dagger            |       |     2 ||     2
 Fire: Sling             |   145 |    41 ||   186
 Cast: Slow              |       |     6 ||     6
       Inner Flame       |       |     1 ||     1
 Abil: Dig               |       |     1 ||     1
Armor: Robe              |    15 |     8 ||    23
Dodge: Dodged            |    50 |    26 ||    76

Table legend: (Time is in decaauts)
 A = Elapsed time spent in this place.
 B = Non-inter-level travel time spent in this place.
 C = Inter-level travel time spent in this place.
 D = Time resting spent in this place.
 E = Time spent auto-exploring this place.
 F = Levels seen in this place.
 G = Mean time per level.
                   A        B        C        D        E       F      G
               +--------+--------+--------+--------+--------+-----+--------+
         Total |   1868 |   1843 |     25 |    130 |   1314 |   3 |  622.7 |
       Dungeon |   1868 |   1843 |     25 |    130 |   1314 |   3 |  622.7 |
               +--------+--------+--------+--------+--------+-----+--------+

Top non-repeatable levels by time:
     D:1: 832 daAuts
     D:2: 703 daAuts
     D:3: 332 daAuts
